 Dungeon Crawl Stone Soup version 0.25.1-2-g60ff931df9 (webtiles) character file.

Game seed: 9490561170181932342

62151 Delamore the Peltast (level 15, -3/103 HPs)
             Began as a Gargoyle Fighter on Sept 27, 2020.
             Was the Champion of Okawaru.
             Slain by an ice beast (7 damage)
             ... summoned by Fannar
             ... on level 10 of the Dungeon.
             The game lasted 00:24:16 (24051 turns).

Delamore the Peltast (Gargoyle Fighter)            Turns: 24051, Time: 00:24:16

Health: -3/103     AC: 27    Str: 25    XL:     15   Next: 5%
Magic:  15/15      EV:  6    Int:  6    God:    Okawaru [******]
Gold:   2057       SH: 32    Dex:  9    Spells: 14/14 levels left

rFire    + . .     SeeInvis +   r - +4 whip (venom)
rCold    . . .     Gourm    .   G - +10 tower shield of Ignorance {rN+ Int-4}
rNeg     + + +     Faith    .   g - +0 chain mail
rPois    ∞         Spirit   .   P - +0 helmet {SInv}
rElec    +         Reflect  .   s - +0 cloak
rCorr    +         Harm     .   Q - +1 pair of gloves {archery}
MR       +....                  M - +2 pair of boots of Gozag's Inspiration {rCorr}
Stlth    ..........             (no amulet)
HPRegen  0.27/turn              m - ring of positive energy
MPRegen  0.14/turn              c - ring of protection from fire

@: starving
A: big wings, negative energy resistance 1, electricity resistance, unbreathing,
petrification resistance, rot immunity, AC +11
a: Fly, Heroism, Finesse, Renounce Religion


You were on level 10 of the Dungeon.
You worshipped Okawaru.
Okawaru was exalted by your worship.
You were starving.

You visited 3 branches of the dungeon, and saw 17 of its levels.
You also visited: Ossuary and Volcano.

You collected 2057 gold pieces.

Inventory:

Hand Weapons
 a - a +0 flail
 p - a +1 whip of venom
 r - a +4 whip of venom (weapon)
Missiles
 o - 2 throwing nets
 L - 8 javelins (quivered)
Armour
 g - a +0 chain mail (worn)
 s - a +0 cloak (worn)
 G - the +10 tower shield of Ignorance (worn) {rN+ Int-4}
   (You found it on level 6 of the Dungeon)

   It affects your intelligence (-4).
   It protects you from negative energy.
 M - the +2 pair of boots of Gozag's Inspiration (worn) {rCorr}
   (You found it in a volcano)

   It provides partial protection from all sources of acid and corrosion.
 P - a +0 helmet of see invisible (worn)
 Q - a +1 pair of gloves of archery (worn)
Jewellery
 c - a ring of protection from fire (right hand)
 m - a ring of positive energy (left hand)
Wands
 b - a wand of flame (34)
 x - a wand of polymorph (26)
 C - a wand of enslavement (6)
 D - a wand of random effects (40)
 F - a wand of iceblast (3)
 K - a wand of paralysis (13)
 O - a wand of digging (10)
Scrolls
 e - 12 scrolls of remove curse
 h - 9 scrolls of teleportation
 k - 2 scrolls of blinking
 l - 4 scrolls of magic mapping
 n - 6 scrolls of amnesia {unknown}
 q - 3 scrolls of fear
 v - a scroll of fog
 y - 3 scrolls of enchant armour
 A - 4 scrolls of enchant weapon {unknown}
 I - 2 scrolls of noise
 J - a scroll of random uselessness
Potions
 d - 3 potions of might
 i - 3 potions of mutation
 j - 3 potions of heal wounds
 t - 5 potions of haste
 u - 3 potions of invisibility
 w - 2 potions of curing
 z - 3 potions of flight
 B - 3 potions of brilliance
 E - 3 potions of resistance
 H - a potion of cancellation
 N - a potion of berserk rage
Comestibles
 f - 24 rations


   Skills:
 - Level 15.0 Fighting
 - Level 14.0 Maces & Flails
 - Level 3.2 Armour
 + Level 17.7 Shields


You had 14 spell levels left.
You didn't know any spells.
Your spell library contained the following spells:

 Spells                   Type           Power        Failure   Level  Hunger
 Blink                    Tloc           N/A          100%        2    ###....
 Shroud of Golubria       Chrm/Tloc      #.....       100%        2    ###....
 Gell's Gravitas          Tloc           #.........   100%        3    ####...
 Lesser Beckoning         Tloc           #.........   100%        3    ####...
 Teleport Other           Tloc           #.......     100%        3    ####...
 Passage of Golubria      Tloc           N/A          100%        4    #####..


Dungeon Overview and Level Annotations

Branches:
Dungeon (10/15)            Temple (1/1) D:6            Lair (6/6) D:8
 Shoals (0/4) Lair:2       Spider (0/4) Lair:4        Slime (0/5) Lair:6
Ossuary (visited)         Volcano (visited)
    Orc: D:9-12

Altars:
Ashenzari
Cheibriados
Gozag
Hepliaklqana
Kikubaaqudgha
Nemelex Xobeh
Okawaru
Qazlal
Sif Muna
Trog
Uskayaw
Vehumet
Wu Jian
Xom
Yredelemnul
Zin
The Shining One
Jiyva

Shops:
D:5 :   D:9 :

Annotations:
D:10 Fannar
Lair:3 1 runed translucent door, miscerius's ghost, journeyman HOFi


Innate Abilities, Weirdness & Mutations

You are resistant to torment.
Your stone body is resilient. (AC +11)
You are immune to poison.
Your large and strong wings let you fly indefinitely.
You resist negative energy. (rN+)
You are resistant to electric shocks. (rElec)
You can survive without breathing.
You are immune to petrification.
You are immune to rotting.


Message History

You hit Fannar but do no damage.
Fannar looks as sick as possible!
Fannar is severely wounded.
You hit Fannar.
Fannar looks as sick as possible!
Fannar is severely wounded.
You block Fannar's attack. You block the ice beast's attack.
The ice beast hits you but does no damage. x2
Your chain mail prevents you from hitting Fannar.
Fannar is severely wounded.
Fannar mumbles some strange words.
Fannar drains the heat from the surrounding environment!
You feel very cold.
* * * LOW HITPOINT WARNING * * *
Fannar is frozen.
Fannar resists.
You hit Fannar but do no damage.
Fannar is severely wounded.
You block the ice beast's attack. The ice beast barely misses you.
You block Fannar's attack. The ice beast hits you.
* * * LOW HITPOINT WARNING * * *
The ice beast freezes you!
You die...

....#######....... #.
##..#..#..#..###.. ...
#.$....#......# ..
.###.. #..###..#..# #
.(...#######.))[...####
.....#..#..#..)....#
##.....#...))###.....#
#.....###Y....#.....##
#...e@..#..#(.#....
#.)[YY).#######..!.!
#..%....# .[...
#.....###.....# .###
##...). .....##
.....#..#..#....
.....#######.....
.###.. ..###. ... ...


You could see Fannar (fast, icy armour, extremely poisoned) and 3 ice beasts.

Vanquished Creatures
  Rupert (Lair:3)
  2 dire elephants
  Erica (D:9)
  3 hydras
  14 death yaks
  3 catoblepae
  A deep troll shaman (Lair:6)
  A two-headed ogre (D:10)
  2 unseen horrors (D:10)
  An orc knight (D:10)
  40 elephants
  4 black mambas
  2 centaur zombies (D:10)
  10 spiny frogs
  A torpor snail (Lair:2)
  Maggie (D:10)
  3 gargoyles
  2 komodo dragons
  2 rime drakes
  An efreet (Volcano)
  A kobold demonologist (D:10)
  2 trolls
  2 jumping spiders (Lair:4)
  4 polar bears
  Grinder (D:3)
  7 blink frogs (Lair:6)
  6 dream sheep (Lair:6)
  7 hippogriffs
  A redback (Lair:4)
  A spriggan (Lair:3)
  Sigmund (D:3)
  40 yaks
  2 wyverns
  A wraith (Ossuary)
  2 fire elementals (Volcano)
  A basilisk (Lair:2)
  2 hungry ghosts (D:9)
  5 water moccasins
  An orc warrior (D:9)
  6 porcupines
  3 black bears
  2 ice beasts (D:6)
  3 sky beasts
  13 wolves
  A phantom (D:4)
  5 ogres
  9 crocodiles
  8 centaurs
  8 bullfrogs
  An earth elemental (Volcano)
  A wyvern skeleton (D:10)
  3 scorpions
  5 wights (D:7)
  3 howler monkeys
  5 electric eels
  7 crimson imps
  2 bullfrog zombies (D:10)
  A quasit (D:10)
  5 hounds
  3 orc priests
  3 jellies
  2 bullfrog skeletons
  An iron imp (D:7)
  Crazy Yiuf (D:4)
  Natasha (twice) (D:4)
  An iguana (D:6)
  7 hell rats
  6 worker ants
  6 orc wizards
  3 hound zombies
  A mummy (Ossuary)
  A worker ant zombie (D:5)
  A howler monkey zombie (D:10)
  6 gnolls
  A howler monkey skeleton (D:10)
  9 adders
  3 shadow imps
  3 oozes
  An adder zombie (D:7)
  An adder skeleton (D:3)
  2 worms
  A dart slug (D:4)
  4 leopard geckos
  21 orcs
  A ball python (D:2)
  7 bats
  4 giant cockroaches
  7 goblins
  6 hobgoblins
  2 jackals (D:3)
  10 kobolds
  4 quokkas
  3 frilled lizards
  8 gnoll skeletons (Ossuary)
  A jackal zombie (D:8)
  9 kobold skeletons (Ossuary)
  A leopard gecko skeleton (D:5)
  8 orc skeletons (Ossuary)
  A quokka skeleton (D:2)
  9 rats
  A plant (Lair:3)
445 creatures vanquished.

Vanquished Creatures (others)
  A stone giant (Volcano)
  A wizard (D:7)
  10 fungi
  12 plants
  2 withered plants (Lair:3)
26 creatures vanquished.

Grand Total: 471 creatures vanquished

Notes
Turn   | Place    | Note
-------+----------+-------------------------------------------
     0 | D:1      | Delamore the Gargoyle Fighter began the quest for the Orb.
     0 | D:1      | Reached XP level 1. HP: 14/14 MP: 1/1
   146 | D:1      | Reached XP level 2. HP: 19/19 MP: 2/2
   731 | D:2      | Reached XP level 3. HP: 24/24 MP: 3/3
   861 | D:2      | Reached skill level 4 in Shields
   861 | D:2      | Reached XP level 4. HP: 19/29 MP: 4/4
  1459 | D:2      | Found a shattered altar of Ashenzari.
  1890 | D:3      | Found a hazy altar of Hepliaklqana.
  1916 | D:3      | Reached XP level 5. HP: 30/34 MP: 5/5
  2113 | D:3      | Found a faded altar of an unknown god.
  2114 | D:3      | Noticed Grinder
  2114 | D:3      | Noticed Sigmund
  2114 | D:3      | Paralysed by Grinder for 6 turns
  2157 | D:3      | Killed Sigmund
  2157 | D:3      | Reached skill level 5 in Fighting
  2157 | D:3      | Reached skill level 5 in Shields
  2157 | D:3      | Reached XP level 6. HP: 9/40 MP: 6/6
  2527 | D:3      | Paralysed by Grinder for 3 turns
  2534 | D:3      | Killed Grinder
  2534 | D:3      | Reached skill level 5 in Maces & Flails
  2534 | D:3      | Reached XP level 7. HP: 30/44 MP: 7/7
  2705 | D:3      | Found a stormy altar of Qazlal.
  3095 | D:4      | Noticed Natasha
  3100 | D:4      | Killed Natasha
  3176 | D:4      | Found a runed translucent door.
  3177 | D:4      | Noticed Crazy Yiuf
  3370 | D:4      | Noticed Natasha
  3375 | D:4      | Killed Natasha
  3375 | D:4      | Reached XP level 8. HP: 49/49 MP: 8/8
  3531 | D:4      | Killed Crazy Yiuf
  3566 | D:5      | Entered Level 5 of the Dungeon
  3566 | D:5      | Found Ukajaq's Book Emporium.
  4482 | D:5      | Found a shimmering altar of Xom.
  4608 | D:5      | Found a shattered altar of Ashenzari.
  4696 | D:6      | Found a glowing silver altar of Zin.
  4715 | D:6      | Found a staircase to the Ecumenical Temple.
  4726 | Temple   | Entered the Ecumenical Temple
  4754 | Temple   | Became a worshipper of Warmaster Okawaru
  4891 | D:6      | Found a glowing golden altar of the Shining One.
  4915 | D:6      | Reached skill level 10 in Maces & Flails
  4924 | D:6      | Reached XP level 9. HP: 52/54 MP: 9/9
  4970 | D:6      | Found the +10 tower shield of Ignorance {rN+ Int-4}
  5110 | D:6      | Reached * piety under Okawaru
  5289 | D:6      | Found a radiant altar of Vehumet.
  5509 | D:7      | Found a sand-covered staircase.
  5516 | Ossuary  | Entered an ossuary
  5977 | D:7      | Found a glowing golden altar of the Shining One.
  6039 | D:7      | Found a bloodstained altar of Trog.
  6042 | D:7      | Noticed a wizard
  6045 | D:7      | Killed a wizard
  6079 | D:7      | Found a snail-covered altar of Cheibriados.
  6401 | D:8      | Identified a scroll of acquirement
  6402 | D:8      | Acquired 920 gold pieces
  6495 | D:8      | Reached ** piety under Okawaru
  6525 | D:8      | Found a staircase to the Lair.
  6538 | D:8      | Noticed a troll
  6541 | D:8      | Reached XP level 10. HP: 18/59 MP: 10/10
  7110 | D:8      | Found an ancient bone altar of Kikubaaqudgha.
  7438 | Lair:1   | Entered Level 1 of the Lair of Beasts
  7464 | Lair:1   | Noticed a spiny frog
  7484 | Lair:1   | Killed a spiny frog
  7484 | Lair:1   | Reached *** piety under Okawaru
  8243 | Lair:1   | Noticed a spiny frog
  8260 | Lair:1   | Killed a spiny frog
  8610 | Lair:1   | Reached **** piety under Okawaru
  8610 | Lair:1   | Reached skill level 6 in Shields
  9118 | Lair:2   | Reached XP level 11. HP: 30/66 MP: 11/11
  9126 | Lair:2   | Reached skill level 7 in Shields
  9374 | Lair:2   | Received a gift from Okawaru
  9584 | Lair:2   | Found a staircase to the Shoals.
  9759 | Lair:2   | Noticed a death yak
  9777 | Lair:2   | Reached ***** piety under Okawaru
  9799 | Lair:2   | Killed a death yak
  9799 | Lair:2   | Reached skill level 8 in Shields
 10531 | Lair:2   | Received a gift from Okawaru
 10683 | Lair:2   | Reached skill level 9 in Shields
 11303 | Lair:3   | Received a gift from Okawaru
 11327 | Lair:3   | Reached skill level 10 in Fighting
 11327 | Lair:3   | Reached skill level 10 in Shields
 11338 | Lair:3   | Reached XP level 12. HP: 35/77 MP: 12/12
 11621 | Lair:3   | Noticed Rupert
 11652 | Lair:3   | HP: 3/77 [Rupert/+1 great mace of protection (17)]
 11676 | Lair:3   | Killed Rupert
 11676 | Lair:3   | Reached skill level 11 in Shields
 12140 | Lair:3   | Found a runed translucent door.
 12140 | Lair:3   | Noticed miscerius's ghost (journeyman HOFi)
 12143 | Lair:3   | Found a radiant altar of Vehumet.
 12194 | Lair:3   | Received a gift from Okawaru
 12762 | Lair:4   | Found an ornate altar of the Wu Jian Council.
 12871 | Lair:4   | Found a dark tunnel.
 12877 | Volcano  | Entered a volcano
 12923 | Volcano  | Noticed a stone giant
 12934 | Volcano  | Killed a stone giant
 13412 | Volcano  | Got a pair of scorched boots
 13580 | Lair:4   | Identified the +2 pair of boots of Gozag's Inspiration
                  | {rCorr} (You found it in a volcano)
 13843 | Lair:4   | Reached skill level 12 in Shields
 13867 | Lair:4   | Reached ****** piety under Okawaru
 14097 | Lair:4   | Received a gift from Okawaru
 14259 | Lair:4   | Reached XP level 13. HP: 24/87 MP: 13/13
 14705 | Lair:4   | Noticed a dire elephant
 14736 | Lair:3   | Reached skill level 13 in Shields
 15087 | Lair:4   | Killed a dire elephant
 15564 | Lair:4   | Found a hole to the Spider Nest.
 17491 | Lair:4   | Received a gift from Okawaru
 17491 | Lair:4   | Reached skill level 14 in Shields
 18598 | Lair:4   | Gained mutation: Your large and strong wings let you fly
                  | indefinitely. [Gargoyle growth]
 18598 | Lair:4   | Reached XP level 14. HP: 96/96 MP: 14/14
 18977 | Lair:5   | You fall into a shaft and drop 1 floor!
 18977 | Lair:6   | Entered Level 6 of the Lair of Beasts
 19065 | Lair:6   | Received a gift from Okawaru
 19213 | Lair:6   | Reached skill level 15 in Shields
 19216 | Lair:6   | Reached skill level 15 in Fighting
 19418 | Lair:6   | Received a gift from Okawaru
 20441 | Lair:6   | Found a staircase to the Slime Pits.
 20442 | Lair:6   | Found a viscous altar of Jiyva.
 20546 | Lair:6   | Reached skill level 16 in Shields
 22042 | Lair:6   | Noticed a dire elephant
 22069 | Lair:6   | Killed a dire elephant
 22530 | Lair:6   | Got a transparent leather armour
 22541 | Lair:6   | Identified the +2 leather armour "Waakhlaph" {rN+ Dex+4}
                  | (You found it on level 6 of the Lair of Beasts)
 22970 | D:9      | Noticed Erica
 23094 | D:9      | Reached skill level 17 in Shields
 23105 | D:9      | Killed Erica
 23641 | D:9      | Found Paireac's Book Shop.
 23775 | D:10     | Entered Level 10 of the Dungeon
 23864 | D:10     | Noticed Maggie
 23893 | D:10     | Received a gift from Okawaru
 23912 | D:10     | Reached XP level 15. HP: 67/103 MP: 15/15
 23927 | D:10     | Killed Maggie
 24013 | D:10     | Noticed Fannar
 24051 | D:10     | HP: 4/103 [ice beast[Fannar] (3)]
 24051 | D:10     | Slain by an ice beast

Illustrated notes

Levels and vault maps discovered:
D:1:      lemuel_arrival_lava_pool, layout_basic
D:2:      layout_basic, first_ration, serial_bayou_pond_c,
          nicolae_ashenzari_panopticon
D:3:      layout_rooms, overflow_temple_1_default,
          chequers_ecumenical_altar_simple_redux, grunt_qazlal_clouds,
          uniq_grinder, uniq_sigmund
D:4:      layout_rooms, uniq_crazy_yiuf_cottage, uniq_natasha
D:5:      layout_basic, lemuel_doored_altar, serial_shops, shop, led_xom_imps
D:6:      layout_cave_pools, overflow_temple_1_default, kennysheep_mini_moat,
          minmay_temple_entry_gardened_gates, basic_altar
D:7:      layout_rooms, slow_altar_1, nicolae_overflow_crystal_walls,
          nicolae_ossuary_entry_monument, trog_wizard
D:8:      layout_basic, erik_lair_island, basic_altar, minmay_misc_feat_chi
D:9:      layout_basic, serial_shops, shop, uniq_erica
D:10:     hangedman_cross_cluster, layout_loops_cross, uniq_fannar, uniq_maggie
Temple:   eino_temple_rhombus
Lair:1:   layout_hall_layers, serial_rivers, chequers_serial_rivers_micro_c,
          chequers_serial_rivers_room_b, chequers_serial_rivers_room_a,
          chequers_serial_rivers_micro_e, grunt_megastairs_3
Lair:2:   layout_cave_shapes, minmay_shoals_entry_centaurs
Lair:3:   layout_chaotic_city, basic_altar, gammafunk_ghost_grave,
          lemuel_fruit_tree, serial_bayou_shore_b, uniq_rupert
Lair:4:   mu_elephants_graveyard, layout_cave_shapes,
          spider_nest_entry_funnel_web, basic_altar, enter_volcano_2
Lair:5:   layout_hall_layers, lookout_lair_type
Lair:6:   grunt_lair_end_beastmaster, layout_loops_ring, slime_altar_1,
          chequers_serial_rivers_micro_a, serial_bayou_shore_a

Skill      XL: |  1  2  3  4  5  6  7  8  9 10 11 12 13 14 |
---------------+-------------------------------------------+-----
Fighting       | 4 5 6 10 12 14 15 | 15.0
Shields        | 4 5 6 10 12 14 17 | 17.7
Maces & Flails | 3 4 5 7 10 12 14 | 14.0
Armour         | |  3.2

Action                   |  1- 3 |  4- 6 |  7- 9 | 10-12 | 13-15 || total
-------------------------+-------+-------+-------+-------+-------++-------
Melee: Flail             |    78 |    81 |       |       |       ||   159
       Whip              |       |    79 |   550 |   957 |  1624 ||  3210
Throw: Javelin           |       |       |       |     8 |     4 ||    12
Invok: Heroism           |       |       |       |     1 |       ||     1
  Use: Scroll            |       |       |    14 |     6 |     4 ||    24
       Potion            |       |       |       |     3 |     6 ||     9
 Stab: Held in net/web   |       |     1 |       |       |       ||     1
       Invisible         |       |       |       |     7 |       ||     7
  Eat: Chunk             |       |     5 |     9 |    22 |    20 ||    56
       Ration            |       |       |     1 |     1 |     3 ||     5
Armor: Scale mail        |    27 |       |       |       |       ||    27
       Chain mail        |     6 |   114 |   203 |   376 |   720 ||  1419
Dodge: Dodged            |    24 |    75 |   120 |   184 |   302 ||   705
Block: Kite shield       |    19 |       |       |       |   253 ||   272
       Buckler           |    14 |    76 |   104 |   223 |   275 ||   692
       Reflection        |       |     3 |     4 |     3 |       ||    10
       Tower shield      |       |       |       |       |   348 ||   348
